 Dungeon Crawl Stone Soup version 0.20.1-1-g8b1a95d (console) character file.

562 Kloppie the Spear-Bearer (level 7, -6/55 HPs)
             Began as a Merfolk Gladiator on Aug 1, 2017.
             Killed from afar by an orc wizard (7 damage)
             ... with a puff of frost
             ... on level 4 of the Dungeon.
             The game lasted 00:06:24 (4369 turns).

Kloppie the Spear-Bearer (Merfolk Gladiator)        Turns: 4369, Time: 00:06:24

Health: -6/55      AC:  7    Str: 15    XL:     7   Next: 32%
Magic:  7/7        EV: 16    Int:  7    God:
Gold:   52         SH:  0    Dex: 17    Spells: 6/6 levels left

rFire    . . .     SeeInvis .   a - +0 trident
rCold    . . .     Gourm    .   (no shield)
rNeg     . . .     Faith    .   b - +0 leather armour
rPois    .         Spirit   .   c - +0 helmet
rElec    .         Reflect  .   (no cloak)
rCorr    .         Harm     .   q - +2 pair of gloves
MR       .....                  (no boots)
Stlth    +.........             (no amulet)
Regen    0.2/turn               (no ring)
MPRegen  0.1/turn               (no ring)

@: no status effects
A: change form in water, swift swim, stealthy swim
a: no special abilities


You were on level 4 of the Dungeon.
You were not hungry.

You visited 1 branch of the dungeon, and saw 4 of its levels.

You collected 160 gold pieces.
You spent 108 gold pieces at shops.

Inventory:

Hand Weapons
 a - a +0 trident (weapon)
Missiles
 d - 2 throwing nets (quivered)
Armour
 b - a +0 leather armour (worn)
 c - a +0 helmet (worn)
 q - a +2 pair of gloves (worn)
Wands
 s - a wand of polymorph (9/24)
Scrolls
 g - 7 scrolls of amnesia {unknown}
 i - 5 scrolls of remove curse {unknown}
 j - 6 scrolls of identify {unknown}
 l - 2 scrolls of teleportation {unknown}
 m - 2 scrolls of enchant weapon {unknown}
 o - a scroll of recharging {unknown}
 r - 3 scrolls of enchant armour {unknown}
 x - a scroll of fog {unknown}
Potions
 e - a potion of heal wounds {unknown}
 h - a potion of cancellation {unknown}
 k - a potion of degeneration {unknown}
 t - 2 potions of curing
 u - a potion of haste {unknown}
 v - a potion of mutation {unknown}
 w - 2 potions of agility {unknown}
 A - a potion of lignification {unknown}
Comestibles
 f - 2 bread rations
 n - 2 meat rations
 p - 4 fruits
 z - a royal jelly


   Skills:
 - Level 4.5 Fighting
 + Level 9.0 Polearms
 - Level 2.0 Throwing
 + Level 6.2 Dodging


You had 6 spell levels left.
You didn't know any spells.

Dungeon Overview and Level Annotations

Branches:
Dungeon (4/15)
 Temple: D:4-7

Altars:
Qazlal

Shops:
D:4 *

Annotations:
D:4 Gelerth's ghost, amateur HuCj


Message History

The orc priest mumbles some strange prayers to Beogh against you.
Beogh smites you!
* * * LOW HITPOINT WARNING * * *
You hear a shout!
You are too injured to fight recklessly!
You are too injured to fight recklessly!
You hit the orc wizard but do no damage.
The orc wizard is almost dead.
The orc wizard closely misses you. The orc closely misses you.
Okay, then.
The orc wizard points at you and mumbles some strange words.
The puff of frost hits you!
* * * LOW HITPOINT WARNING * * *
The orc wizard misses you.
The orc priest mumbles some strange prayers to Beogh against you.
Beogh smites you!
* * * LOW HITPOINT WARNING * * *
The orc wizard points at you and mumbles some strange words.
The puff of frost hits you!
You die... # #.###.#.# #. #..#.##.# .### #.#.....# oo#

#.#.##### # #o###
#.#.# #.
#...####.#.#
#.###o#......#.#
#.....######.#.#
###@####.###.#.#
##
#.###.#.#.#..##...
#.##.#...###....
#.###...#.#..##.#
#......###)# . #
######## #.# ##
#.. ##.# .#


You could see an orc wizard.

Vanquished Creatures
  A phantom (D:3)
  An ogre (D:3)
  A scorpion (D:3)
  A howler monkey (D:4)
  A centaur skeleton (D:4)
  Natasha (thrice) (D:3)
  6 adders
  4 gnolls
  An ooze (D:1)
  2 worms
  4 dart slugs
  3 leopard geckos
  4 orcs (D:3)
  3 ball pythons
  2 giant cockroaches
  6 goblins
  6 hobgoblins
  6 jackals
  2 quokkas (D:3)
  9 bats
  8 frilled lizards
  3 kobolds
  4 rats
81 creatures vanquished.

Vanquished Creatures (others)
  A hound (D:4)
1 creature vanquished.

Grand Total: 82 creatures vanquished

Notes
Turn   | Place    | Note
-------+----------+-------------------------------------------
     0 | D:1      | Kloppie the Merfolk Gladiator began the quest for the Orb.
     0 | D:1      | Reached XP level 1. HP: 16/16 MP: 1/1
    78 | D:1      | Reached XP level 2. HP: 10/23 MP: 2/2
   471 | D:1      | Reached skill level 5 in Polearms
   608 | D:1      | Reached XP level 3. HP: 27/28 MP: 3/3
  1490 | D:2      | Reached XP level 4. HP: 34/35 MP: 4/4
  1525 | D:2      | Reached skill level 6 in Polearms
  1544 | D:2      | Found a stormy altar of Qazlal.
  1545 | D:2      | Noticed an earth elemental
  1548 | D:2      | Noticed an air elemental
  1549 | D:2      | Noticed a water elemental
  1549 | D:2      | Noticed a fire elemental
  2367 | D:3      | Reached XP level 5. HP: 31/42 MP: 5/5
  2461 | D:3      | Reached skill level 7 in Polearms
  2745 | D:3      | Noticed Natasha
  2759 | D:3      | Killed Natasha
  3119 | D:3      | Noticed an ogre
  3128 | D:3      | Killed an ogre
  3128 | D:3      | Reached XP level 6. HP: 25/49 MP: 6/6
  3174 | D:4      | Found Joer's Assorted Antiques.
  3181 | D:4      | Reached skill level 8 in Polearms
  3201 | D:4      | Noticed Gelerth's ghost (amateur HuCj)
  3371 | D:4      | Noticed a phantom
  3392 | D:4      | Reached skill level 5 in Dodging
  3669 | D:3      | Noticed Natasha
  3861 | D:3      | Killed Natasha
  3861 | D:3      | Reached XP level 7. HP: 40/55 MP: 7/7
  3945 | D:3      | Noticed Natasha
  3949 | D:3      | Killed Natasha
  3949 | D:3      | Reached skill level 9 in Polearms
  4263 | D:4      | Bought a scroll labeled DUAKAIRASO for 27 gold pieces
  4263 | D:4      | Bought a scroll labeled CUETTOLERU for 27 gold pieces
  4263 | D:4      | Bought a scroll labeled NUYMEU KAWIOT for 27 gold pieces
  4263 | D:4      | Bought a scroll labeled LUPLOL VYOLEBB for 27 gold pieces
  4368 | D:4      | HP: 1/55 [orc priest/divine providence (11)]
  4369 | D:4      | Killed from afar by an orc wizard

Skill      XL: |  1  2  3  4  5  6  7 |
---------------+----------------------+-----
Polearms       | 5 6 7 8 9 |  9.0
Fighting       | 3 4 |  4.5
Dodging        | 5 6 |  6.2
Throwing       | |  2.0

Action                   |  1- 3 |  4- 6 |  7- 9 || total
-------------------------+-------+-------+-------++-------
Melee: Trident           |   102 |   215 |    53 ||   370
Throw: Throwing net      |     1 |     7 |       ||     8
  Use: Potion            |       |     2 |       ||     2
 Stab: Sleeping          |     5 |       |       ||     5
       Held in net/web   |     1 |     2 |       ||     3
  Eat: Chunk             |     2 |     6 |       ||     8
       Meat ration       |       |     1 |       ||     1
Armor: Leather armour    |    15 |    46 |    15 ||    76
Dodge: Dodged            |    53 |   144 |    27 ||   224
